 Dungeon Crawl Stone Soup version 0.24.1-8-ga250c9d538 (webtiles) character file.

Game seed: 2184380420658656322, levelgen mode: deterministic

79 Hugehornet the Changer (level 4, -1/28 HPs)
             Began as an Octopode Transmuter on May 3, 2020.
             Killed by divine providence
             ... invoked by an orc priest
              (9 damage)
             ... on level 3 of the Dungeon.
             The game lasted 00:02:44 (2405 turns).

Hugehornet the Changer (Octopode Transmuter)        Turns: 2405, Time: 00:02:44

Health: -1/28      AC:  2    Str:  9    XL:     4   Next: 38%
Magic:  2/7        EV: 19    Int: 16    God:
Gold:   76         SH:  0    Dex: 17    Spells: 1/7 levels left

rFire    . . .     SeeInvis .     - Unarmed
rCold    . . .     Gourm    .   (shield currently unavailable)
rNeg     . . .     Faith    .   (helmet currently unavailable)
rPois    x         Spirit   .   (no amulet)
rElec    .         Reflect  .   (no ring)
rCorr    .         Harm     .   (no ring)
MR       .....                  (no ring)
Stlth    ++........             (no ring)
HPRegen  0.09/turn              (no ring)
MPRegen  0.10/turn              (no ring)
                                (no ring)
                                (no ring)

@: spider-form (expiring), very slightly contaminated
A: tiny, almost no armour, stealthy swim, (amphibious), 8 rings, (constrict 8)
a: End Transformation


You were on level 3 of the Dungeon.
You were near starving.
You were a venomous arachnid creature.
You visited 1 branch of the dungeon, and saw 3 of its levels.

You collected 76 gold pieces.

Inventory:

Missiles
 a - 44 arrows
Wands
 h - a wand of disintegration (8)
Scrolls
 b - 5 scrolls of identify {unknown}
 d - 2 scrolls of magic mapping {unknown}
 e - 2 scrolls of teleportation {unknown}
 f - 2 scrolls of remove curse {unknown}
Potions
 g - 2 potions of lignification {unknown}
 i - a potion of agility {unknown}
 j - a potion of ambrosia {unknown}
 k - a potion of haste {unknown}
Comestibles
 c - 3 rations


   Skills:
 - Level 1.0 Fighting
 - Level 2.0 Dodging
 * Level 3.0 Unarmed Combat
 - Level 2.0 Spellcasting
 * Level 4.4 Transmutations
 + Level 0.2 Poison Magic


You had one spell level left.
You knew the following spells:

 Your Spells              Type           Power        Failure   Level  Hunger
a - Beastly Appendage     Tmut           ###...       11%         1    #......
b - Sticks to Snakes      Tmut           ###.....     14%         2    ###....
c - Spider Form           Tmut/Pois      #.........   45%         3    ###....

Your spell library contained the following spells:

 Spells                   Type           Power        Failure   Level  Hunger
 Ice Form                 Ice/Tmut       #.......     82%         4    #####..
 Blade Hands              Tmut           ###.......   85%         5    ######.


Dungeon Overview and Level Annotations

Branches:
Dungeon (3/15)

Altars:
Kikubaaqudgha


Innate Abilities, Weirdness & Mutations

You cannot wear most types of armour.
You are very stealthy in the water. (Stealth+)
((You are amphibious.))
You can wear up to eight rings at the same time.
((You can use your tentacles to constrict eight enemies at once.))
((Your skin changes colour to match your surroundings (Stealth+).))
((Your rubbery body absorbs attacks. (AC +1, EV +1)))


Message History

The orc is heavily wounded.
You bite the orc!
You kill the orc!
You completely miss the quokka. The quokka bites you.
* * * LOW HITPOINT WARNING * * *
Unknown command.
You barely miss the quokka.
The jackal pauses to sniff the ground.
The quokka barely misses you.
You hit the quokka but do no damage. The quokka closely misses you.
You completely miss the quokka.
The orc priest casts a cantrip, but nothing happens.
The quokka misses you.
You barely miss the quokka. The quokka completely misses you.
You bite the quokka!
You kill the quokka!
Your transformation is almost over.
The orc priest mumbles some strange prayers to Beogh against you.
Beogh smites you!
You die...

#.# #.# #.# ... ..##
#.# #... #.# #..#
##.# #..# #..# #..# #
#s## #..#
###h#h#####..#####.
#...hoo....<.......
≈.≈...oo.............
.....≈#.#########.##.
≈≈≈≈..#.# # ≈≈≈≈≈....
≈≈≈≈....# .≈≈≈≈≈#(.


You could see 2 orc priests, 2 orcs and 2 jackals.

Vanquished Creatures
  A vampire bat (D:2)
  3 dart slugs
  3 orcs (D:3)
  A ball python (D:3)
  2 bat skeletons (D:2)
  2 bat zombies (D:2)
  2 giant cockroaches (D:1)
  A goblin (D:1)
  2 hobgoblins (D:1)
  2 quokkas
  3 bats
  A frilled lizard (D:1)
  4 kobolds
  2 rats (D:1)
29 creatures vanquished.

Notes
Turn   | Place    | Note
-------+----------+-------------------------------------------
     0 | D:1      | Hugehornet the Octopode Transmuter began the quest for the
                  | Orb.
     0 | D:1      | Reached XP level 1. HP: 13/13 MP: 3/3
   439 | D:1      | Reached XP level 2. HP: 17/18 MP: 3/5
   443 | D:1      | Learned a level 2 spell: Sticks to Snakes
   655 | D:1      | Reached skill level 3 in Transmutations
  1824 | D:2      | Reached XP level 3. HP: 20/23 MP: 4/6
  1829 | D:2      | Learned a level 3 spell: Spider Form
  2024 | D:2      | Found an ancient bone altar of Kikubaaqudgha.
  2045 | D:2      | Reached skill level 4 in Transmutations
  2045 | D:2      | Reached XP level 4. HP: 10/28 MP: 7/7
  2405 | D:3      | Killed from afar by an orc priest

Levels and vault maps discovered:
D:1:      onia_arrival_mini_spirals, layout_basic
D:2:      layout_basic, kennysheep_vampire_church
D:3:      layout_loops_ring, chequers_ecumenical_altar_island, first_ration,
          minmay_misc_feat_diagonals, uniq_grinder

Skill      XL: |  1  2  3 |
---------------+----------+-----
Transmutations | 3 4 |  4.4
Fighting       | |  1.0
Dodging        | |  2.0
Unarmed Combat | |  3.0
Spellcasting   | |  2.0
Poison Magic   | |  0.2

Action                   |  1- 3 |  4- 6 || total
-------------------------+-------+-------++-------
Melee: Unarmed           |    64 |    17 ||    81
       Kick              |    16 |     1 ||    17
       Constrict         |    20 |     2 ||    22
       Tentacles         |    11 |     1 ||    12
       Punch             |     2 |       ||     2
 Cast: Beastly Appendage |    20 |     1 ||    21
       Spider Form       |       |     1 ||     1
 Stab: Sleeping          |     2 |       ||     2
  Eat: Ration            |     1 |       ||     1
Armor: Skin              |    16 |       ||    16
Dodge: Dodged            |    54 |    14 ||    68
